 Dungeon Crawl Stone Soup version 0.30.0-29-ga12c61a403 (webtiles) character file.

Game seed: 10603692189356341332

87 ChadusMaximus the Caller (level 4, 0/30 HPs)
             Began as a Barachi Summoner on June 24, 2023.
             Killed by divine providence
             ... invoked by an orc priest
              (14 damage)
             ... on level 3 of the Dungeon.
             The game lasted 00:02:07 (1718 turns).

ChadusMaximus the Caller (Barachi Summoner)         Turns: 1718, Time: 00:02:08

Health: 0/30       AC:  4    Str:  9    XL:     4   Next: 51%
Magic:  6/8        EV: 12    Int: 18    God:
Gold:   87         SH:  0    Dex: 12    Spells: 3/9 levels left

rFire   . . .        d - +0 sling
rCold   . . .        (no shield)
rNeg    . . .        a - +0 robe
rPois   .            n - +2 hat
rElec   .            r - scarf {repulsion}
rCorr   .            (no gloves)
SInv    .            (no boots)
Will    .....        (no amulet)
Stlth   ++           (no ring)
HPRegen 0.25/turn    (no ring)
MPRegen 0.11/turn

%: repel missiles
@: slow
A: amphibious, slowness 1, strong legs 1, +LOS
a: Hop


You were on level 3 of the Dungeon.
You visited 1 branch of the dungeon, and saw 3 of its levels.

You collected 87 gold pieces.

Inventory:

Hand Weapons
 d - a +0 sling (weapon)
Armour
 a - a +0 robe (worn)
 n - a +2 hat (worn)
 r - a scarf of repulsion (worn)
Scrolls
 c - a scroll of blinking {unknown}
 f - 4 scrolls of immolation {unknown}
 g - a scroll of amnesia {unknown}
 h - a scroll of magic mapping {unknown}
 j - a scroll of poison {unknown}
 l - a scroll of enchant weapon {unknown}
 m - a scroll of fear {unknown}
 p - a scroll of identify {unknown}
 q - a scroll of teleportation {unknown}
Potions
 b - a potion of magic
 e - a potion of lignification {unknown}
 i - a potion of might {unknown}
 k - a potion of haste {unknown}
 o - a potion of degeneration {unknown}


   Skills:
 + Level 3.3 Dodging
 - Level 2.0 Stealth
 + Level 3.2 Spellcasting
 + Level 5.6 Summonings


You had 3 spell levels left.
You knew the following spells:

 Your Spells              Type           Power      Damage    Failure   Level
a - Summon Small Mammal   Summ           92%        N/A       1%          1
b - Call Canine Familiar  Summ           23%        N/A       4%          3
c - Call Imp              Summ           46%        N/A       2%          2

Your spell library contained the following spells:

 Spells                   Type           Power      Damage    Failure   Level
 Apportation              Tloc           4%         N/A       16%         1
 Sandblast                Erth           4%         2d4       16%         1
 Slow                     Hex            8%         N/A       16%         1
 Summon Guardian Golem    Hex/Summ       12%        N/A       16%         3
 Blink                    Tloc           4%         N/A       24%         2
 Lesser Beckoning         Tloc           4%         N/A       24%         2
 Momentum Strike          Conj/Tloc      4%         3d8       24%         2
 Passwall                 Tmut/Erth      1%         N/A       24%         2
 Confusing Touch          Hex            2%         N/A       43%         3
 Gell's Gravitas          Tloc           2%         N/A       43%         3
 Stone Arrow              Conj/Erth      4%         3d7       43%         3
 Teleport Other           Tloc           2%         N/A       43%         3
 Vampiric Draining        Necr           2%         2d6       43%         3
 Summon Lightning Spire   Summ/Air       12%        N/A       45%         4
 Alistair's Intoxication  Tmut/Pois      1%         N/A       99%         5


Dungeon Overview and Level Annotations

Branches:
Dungeon (3/15)

Altars:
Uskayaw


Innate Abilities, Weirdness & Mutations

You are amphibious.
You cover ground slowly.
You can hop short distances.
You have an extended range of vision and can be seen from far away.


Message History

Okay, then.
Fire: d) +0 sling
Press: ? - help, Q - select action, (/) - cycle Shift-Dir - straight line, f/p - orc
Aim: an orc, wielding a +0 flail and wearing a +0 leather armour (severely wounded, 52% to hit)
Really fire in your cerulean imp's direction?
Okay, then.
Unknown command.
Fire: d) +0 sling
Press: ? - help, Q - select action, (/) - cycle Shift-Dir - straight line, f/p - orc
Aim: an orc, wielding a +0 flail and wearing a +0 leather armour (severely wounded, 52% to hit)
Really fire in your cerulean imp's direction?
Okay, then.
Fire: d) +0 sling
Press: ? - help, Q - select action, (/) - cycle Shift-Dir - straight line, f/p - orc
Aim: an orc, wielding a +0 flail and wearing a +0 leather armour (severely wounded, 52% to hit)
Really fire in your cerulean imp's direction?
You shoot a sling bullet.
The sling bullet completely misses your cerulean imp.
The sling bullet closely misses the orc.
The sling bullet hits the orc priest but does no damage.
The orc priest is lightly wounded.
The orc hits your cerulean imp with a +0 flail.
Your cerulean imp barely misses the orc.
The orc priest casts a cantrip, but nothing happens.
The orc barely misses your cerulean imp.
Fire: d) +0 sling
Press: ? - help, Q - select action, (/) - cycle Shift-Dir - straight line, f/p - orc
Aim: an orc, wielding a +0 flail and wearing a +0 leather armour (heavily wounded, ally target, 52% to hit)
Really fire in your cerulean imp's direction?
You shoot a sling bullet.
The sling bullet misses your cerulean imp.
The sling bullet hits the orc.
You kill the orc!
Your cerulean imp barely misses the orc.
Your cerulean imp hits the orc but does no damage.
Unknown command.
The orc hits your cerulean imp with a +0 club.
The orc priest mumbles some strange prayers to Beogh against you.
Beogh smites you!
You die...

### #@# #5#
#############o#
#....5.o.....o#
#.#############
#.# #.# #o#
#.#########


You could see an orc priest, an orc (ally target) and a friendly cerulean imp
(summoned).

Vanquished Creatures
  2 adders (D:2)
  3 worms (D:2)
  5 orcs (D:3)
  3 ball pythons
  4 endoplasms
  10 hobgoblins
  4 jackals (D:1)
  4 bats (D:2)
  2 frilled lizards (D:1)
  2 kobolds (D:2)
  4 rats
43 creatures vanquished.

Vanquished Creatures (collateral kills)
  3 orcs (D:3)
  A goblin (D:3)
  A hobgoblin (D:3)
5 creatures vanquished.

Grand Total: 48 creatures vanquished

Notes
Turn   | Place    | Note
-------+----------+-------------------------------------------
     0 | D:1      | ChadusMaximus the Barachi Summoner began the quest for the
                  | Orb.
     0 | D:1      | Reached XP level 1. HP: 13/13 MP: 3/3
   101 | D:1      | Reached XP level 2. HP: 17/19 MP: 5/5
   195 | D:1      | Reached skill level 5 in Summonings
   205 | D:1      | Found a faded altar of an unknown god.
   779 | D:2      | Reached XP level 3. HP: 24/24 MP: 7/7
   867 | D:2      | Found a hide-covered altar of Uskayaw.
  1040 | D:2      | Reached XP level 4. HP: 26/30 MP: 8/8
  1471 | D:2      | Learned a level 3 spell: Call Canine Familiar
  1474 | D:2      | Learned a level 2 spell: Call Imp
  1718 | D:3      | Killed from afar by an orc priest

Illustrated notes

Levels and vault maps discovered:
D:1:      dpeg_arrival_chambers_temple_mockup, layout_loops_ring,
          ebering_ecumenical_altar_sacrificial, minmay_crystal_water
D:2:      layout_loops_ring, basic_altar, minmay_unequal
D:3:      layout_basic, gammafunk_ghost_smash

Skill      XL: |  1  2  3 |
---------------+----------+-----
Stealth        | 2 |  2.0
Summonings     | 5 |  5.6
Dodging        | 3 |  3.3
Spellcasting   | 3 |  3.2

Action                     |  1- 3 |  4- 6 || total
---------------------------+-------+-------++-------
   Fire: Sling             |   117 |    57 ||   174
   Cast: Summon Small Mamm |     2 |       ||     2
         Call Imp          |       |     3 ||     3
         Call Canine Famil |       |     3 ||     3
Ability: Hop               |     1 |     1 ||     2
 Armour: Robe              |    10 |     9 ||    19
  Dodge: Dodged            |    28 |    32 ||    60
